 Dungeon Crawl Stone Soup version 0.27.1-33-g824d729ab1 (webtiles) character file.

Game seed: 13002211040535857711

820 pkoi the Ruffian (level 7, 0/82 HPs)
             Began as a Grey Draconian Artificer on Dec 20, 2021.
             Was an Initiate of Hepliaklqana.
             Succumbed to an orc's poison
             ... on level 5 of the Dungeon.
             The game lasted 00:07:12 (5955 turns).

pkoi the Ruffian (Grey Draconian Artificer)         Turns: 5955, Time: 00:07:12

Health: 0/82       AC: 12    Str: 14    XL:     7   Next: 63%
Magic:  7/7        EV: 12    Int: 13    God:    Hepliaklqana [......]
Gold:   414        SH:  0    Dex: 12    Spells: 6/6 levels left

rFire    . . .     SeeInvis .     - Unarmed
rCold    . . .     Faith    .   (no shield)
rNeg     . . .     Spirit   .   (armour unavailable)
rPois    .         Reflect  .   (helmet restricted)
rElec    .         Harm     .   n - +0 cloak
rCorr    .         Rampage  .   (no gloves)
Will     .....                  (no boots)
Stlth    ..........             (no amulet)
HPRegen  0.23/turn              (no ring)
MPRegen  0.10/turn              (no ring)

@: berserking (expiring), lethally poisoned (0 -> -9), very quick
A: AC +11, amphibious, unfitting armour, cold-blooded
a: Renounce Religion


You were on level 5 of the Dungeon.
You worshipped Hepliaklqana.
Hepliaklqana was noncommittal.
You visited 1 branch of the dungeon, and saw 5 of its levels.
You also visited: Ossuary.

You collected 414 gold pieces.

Inventory:

Hand Weapons
 a - a +0 club
 f - a +1 dagger of venom
Missiles
 k - 17 poisoned darts
 m - 6 boomerangs
 q - 8 javelins
Armour
 n - a +0 cloak (worn)
Wands
 b - a wand of flame (10) (quivered)
 c - a wand of charming (14)
Scrolls
 e - 2 scrolls of immolation
 l - 3 scrolls of blinking
 o - 3 scrolls of identify
 p - a scroll of vulnerability {unknown}
 r - 2 scrolls of teleportation
 t - a scroll of acquirement {unknown}
Potions
 g - a potion of lignification {unknown}
 h - a potion of berserk rage
 i - a potion of magic
 j - a potion of haste {unknown}
 s - 2 potions of degeneration {unknown}
 u - a potion of ambrosia {unknown}
 v - 3 potions of attraction {unknown}
 w - 2 potions of curing {unknown}
 x - 2 potions of heal wounds {unknown}
 z - a potion of experience {unknown}
 A - a potion of brilliance {unknown}
 B - a potion of might {unknown}
Miscellaneous
 d - a piece from Xom's chessboard (15/15)


   Skills:
 + Level 2.2 Fighting
 + Level 2.7 Dodging
 - Level 0.8 Stealth
 * Level 7.9 Unarmed Combat
 + Level 3.3 Evocations


You had 6 spell levels left.
You didn't know any spells.
Your spell library was empty.

Dungeon Overview and Level Annotations

Branches:
Dungeon (5/15)            Ossuary (visited)
 Temple: D:4-7

Altars:
Gozag
Hepliaklqana
Qazlal

Annotations:
D:4 3 runed translucent doors, DemonSlayer's ghost, novice DsBe


Innate Abilities, Weirdness & Mutations

Your dull iron-grey scales are very hard. (AC +11)
You are amphibious.
You cannot fit into any form of body armour.
You are cold-blooded and may be slowed by cold attacks.


Message History

You feel very sick. The bullfrog zombie hits you.
* * * LOW HITPOINT WARNING * * *
The orc closely misses you.
You bump into the rock wall.
You feel less confused.
* * * LOW HITPOINT WARNING * * *
You feel very sick. The bullfrog zombie closely misses you.
The orc barely misses you.
Unknown command.
Unknown command.
You punch the orc!
You kill the orc!
* * * LOW HITPOINT WARNING * * *
You feel very sick.
The bullfrog zombie hits you but does no damage.
Unknown command.
* * * LOW HITPOINT WARNING * * *
You feel very sick.
Items here: ))) †.
You hit the bullfrog zombie.
The bullfrog zombie is moderately damaged.
* * * LOW HITPOINT WARNING * * *
You feel sick. The bullfrog zombie hits you.
* * * LOW HITPOINT WARNING * * *
You punch the bullfrog zombie!
The bullfrog zombie is heavily damaged.
* * * LOW HITPOINT WARNING * * *
You feel sick.
You punch the bullfrog zombie!
The bullfrog zombie is severely damaged.
* * * LOW HITPOINT WARNING * * *
You feel sick. The bullfrog zombie closely misses you.
You hit the bullfrog zombie. Your punch misses the bullfrog zombie.
The bullfrog zombie is almost destroyed.
* * * LOW HITPOINT WARNING * * *
You feel sick.
You hit the bullfrog zombie.
You destroy the bullfrog zombie!
You die...

##..#.## #......#
#...#.....#
#.#[####..#
#8##..#8# ..
###....# .##
#.....#oo.
.....#####......#
#....<@...#####
.......)##.....#
.####|...8#..##8....
...##..###.. ##.
...## ##.. .## #.##
##.. .# . .#..# #..Z
##


There were no monsters in sight!

Vanquished Creatures
  A black bear (D:3)
  An ogre (D:5)
  2 scorpions
  2 water moccasin skeletons (D:4)
  A bullfrog zombie (D:5)
  3 hounds
  A centaur skeleton (D:4)
  Terence (D:3)
  2 orc wizards
  A hound skeleton (D:4)
  8 mummies (Ossuary)
  Robin (D:4)
  An adder (D:4)
  An adder skeleton (D:4)
  2 worms
  3 dart slugs (D:1)
  7 orcs
  6 bats
  7 endoplasms
  4 giant cockroaches
  A gnoll zombie (Ossuary)
  14 goblins
  5 hobgoblins
  4 jackals
  A quokka (D:3)
  8 ball pythons
  2 hobgoblin zombies (Ossuary)
  3 kobolds
  2 kobold zombies (Ossuary)
  3 orc zombies (Ossuary)
  4 rats (D:1)
102 creatures vanquished.

Vanquished Creatures (others)
  A bat (D:3)
1 creature vanquished.

Grand Total: 103 creatures vanquished

Notes
Turn   | Place    | Note
-------+----------+-------------------------------------------
     0 | D:1      | pkoi the Draconian Artificer began the quest for the Orb.
     0 | D:1      | Reached XP level 1. HP: 16/16 MP: 1/1
   153 | D:1      | Reached skill level 1 in Unarmed Combat
   499 | D:1      | Reached XP level 2. HP: 23/23 MP: 2/2
   605 | D:1      | Reached skill level 2 in Unarmed Combat
  1192 | D:1      | You fall into a shaft and drop 1 floor!
  1282 | D:2      | Reached XP level 3. HP: 22/28 MP: 3/3
  1925 | D:2      | Found a faded altar of an unknown god.
  2283 | D:1      | Reached skill level 3 in Unarmed Combat
  2509 | D:3      | Noticed a black bear
  2525 | D:3      | Killed a black bear
  2526 | D:3      | Reached skill level 4 in Unarmed Combat
  2526 | D:3      | Reached XP level 4. HP: 18/35 MP: 4/4
  2845 | D:3      | Reached XP level 5. HP: 40/40 MP: 5/5
  2947 | D:3      | Noticed Terence
  3406 | D:3      | Found a hazy altar of Hepliaklqana.
  3489 | D:3      | Killed Terence
  3490 | D:3      | Reached skill level 5 in Unarmed Combat
  3656 | D:3      | Found an opulent altar of Gozag.
  3829 | D:4      | Reached skill level 6 in Unarmed Combat
  3829 | D:4      | Reached XP level 6. HP: 38/47 MP: 6/6
  4329 | D:4      | Found a runed translucent gate.
  4334 | D:4      | Found a runed translucent gate.
  4339 | D:4      | Found a runed translucent gate.
  4340 | D:4      | Noticed DemonSlayer's ghost (novice DsBe)
  4430 | D:4      | Reached skill level 7 in Unarmed Combat
  4481 | D:4      | Found a stormy altar of Qazlal.
  4481 | D:4      | Noticed Robin
  4528 | D:4      | Your scales start taking on a dull iron-grey colour.
  4528 | D:4      | Reached XP level 7. HP: 32/52 MP: 7/7
  4673 | D:3      | Became a worshipper of Hepliaklqana the Forgotten
  4693 | D:4      | Killed Robin
  5055 | D:5      | Entered Level 5 of the Dungeon
  5081 | D:5      | Found a sand-covered staircase.
  5087 | Ossuary  | Entered an ossuary
  5952 | D:5      | HP: 4/82 [poisoned by an orc]
  5955 | D:5      | Succumbed to an orc's poison

Illustrated notes

Levels and vault maps discovered:
D:1:      eino_arrival_water_cross, layout_loops_ring,
          ebering_dispersal_statue_hall, minmay_pentomino_x2
D:2:      layout_loops_ring, chequers_ecumenical_altar_simple
D:3:      layout_loops_ring, old_standard_altar, nicolae_overflow_hidden_temple,
          grunt_decor_arrowhead, st_stairs_4, serial_park_tiny_pond,
          uniq_terence
D:4:      layout_gridville, nicolae_qazlal_general_emergency, bloody_trog,
          nicolae_kikubaaqudgha_miasma_corner, gammafunk_ghost_split, uniq_robin
D:5:      layout_rooms, lightli_ossuary_entry_decrepit_ruins

Skill      XL: |  1  2  3  4  5  6  7 |
---------------+----------------------+-----
Unarmed Combat | 1 2 4 6 7 |  7.9
Fighting       | 2 |  2.2
Dodging        | |  2.7
Stealth        | |  0.8
Evocations     | |  3.3

Action                   |  1- 3 |  4- 6 |  7- 9 || total
-------------------------+-------+-------+-------++-------
Melee: Club              |    72 |       |       ||    72
       Tailslap          |    19 |    18 |    14 ||    51
       Dagger            |    42 |    92 |    28 ||   162
       Punch             |     1 |     2 |     2 ||     5
       Unarmed           |       |    58 |   103 ||   161
Evoke: Wand              |     1 |     1 |     4 ||     6
  Use: Scroll            |       |     7 |       ||     7
       Potion            |       |       |     1 ||     1
 Stab: Sleeping          |     3 |       |       ||     3
       Distracted        |       |     1 |     1 ||     2
Armor: Skin              |    48 |    67 |    53 ||   168
Dodge: Dodged            |    88 |   127 |    82 ||   297
